 Dungeon Crawl Stone Soup version 0.26-a0-966-gd078a86f14 (webtiles) character file.

Game seed: 9471625889413716480

368 noankles the Cudgeller (level 6, -1/55 HPs)
             Began as a Minotaur Berserker on Dec 3, 2020.
             Was a Priest of Trog.
             Killed from afar by Pikel (15 damage)
             ... with a bolt of acid
             ... on level 4 of the Dungeon.
             The game lasted 00:19:10 (4115 turns).

noankles the Cudgeller (Minotaur Berserker)         Turns: 4115, Time: 00:19:18

Health: -1/55      AC:  3    Str: 23    XL:     6   Next: 41%
Magic:  5/5        EV: 12    Int:  5    God:    Trog [***...]
Gold:   159        SH:  0    Dex:  9    Spells: 5/5 levels left

rFire    . . .     SeeInvis .   w - +2 whip (venom)
rCold    . . .     Faith    .   (no shield)
rNeg     . . .     Spirit   .   g - +0 ring mail
rPois    .         Reflect  .   (helmet restricted)
rElec    .         Harm     .   (no cloak)
rCorr    .         Rampage  .   j - +0 pair of gloves
MR       .....     Rnd*Tele +   (no boots)
Stlth    ..........             i - amulet of regeneration
HPRegen  0.58/turn              o - ring of attention (curse)
MPRegen  0.09/turn              h - ring of teleportation (curse)

@: corroded
A: retaliatory headbutt, horns 2
a: Berserk, Trog's Hand, Renounce Religion


You were on level 4 of the Dungeon.
You worshipped Trog.
Trog was most pleased with you.
You visited 1 branch of the dungeon, and saw 4 of its levels.

You collected 159 gold pieces.

Inventory:

Hand Weapons
 w - a +2 whip of venom (weapon)
Missiles
 r - 2 atropa-tipped darts
Armour
 d - a +0 robe
 g - a +0 ring mail (worn)
 j - a +0 pair of gloves (worn)
 A - a +0 chain mail
Jewellery
 a - a +4 ring of evasion
 h - a cursed ring of teleportation (right hand)
 i - an amulet of regeneration (around neck)
 n - an uncursed ring of protection from magic
 o - a cursed ring of attention (left hand)
 t - an uncursed ring of ice {unknown}
 v - a +4 ring of evasion
 B - an uncursed ring of fire {unknown}
Scrolls
 b - a scroll of enchant weapon {unknown}
 c - 7 scrolls of identify
 p - a scroll of teleportation
 u - a scroll of fear {unknown}
 x - a scroll of immolation {unknown}
 y - a scroll of enchant armour {unknown}
 z - 2 scrolls of noise {unknown}
Potions
 e - a potion of ambrosia {unknown}
 f - 3 potions of lignification {unknown}
 k - 3 potions of curing {unknown}
 l - 2 potions of flight {unknown}
 m - 2 potions of resistance {unknown}
 q - 2 potions of cancellation {unknown}
 s - a potion of heal wounds {unknown}


   Skills:
 + Level 4.9 Fighting
 + Level 6.1 Maces & Flails
 + Level 4.6 Armour
 + Level 3.5 Dodging
 + Level 0.4 Stealth
 + Level 0.4 Unarmed Combat


You had 5 spell levels left.
You didn't know any spells.
Your spell library was empty.

Dungeon Overview and Level Annotations

Branches:
Dungeon (4/15)
 Temple: D:4-7

Altars:
Cheibriados
Dithmenos
Sif Muna
Trog
Yredelemnul

Annotations:
D:4 Pikel


Innate Abilities, Weirdness & Mutations

You reflexively headbutt those who attack you in melee.
You have a pair of horns on your head.


Message History

A lemure and Pikel come into view.
Pikel is wielding a +1 whip of flaming and carrying a wand of acid (9).
The lemure shouts!
There is an escape hatch in the ceiling here. 3 lemures come into view.
The lemure shouts! x3
Pikel zaps a wand.
The bolt of acid hits you! The acid corrodes you!
You are splashed with acid!
The lemure hits you.
You see here 14 gold pieces.
You hit Pikel but do no damage.
Pikel is poisoned.
You headbutt Pikel, but do no damage. Pikel closely misses you.
The lemure hits you.
You barely miss Pikel.
Pikel is lightly wounded.
The lemure hits you!
* * * LOW HITPOINT WARNING * * *
The lemure hits you.
* * * LOW HITPOINT WARNING * * *
Pikel zaps a wand.
The bolt of acid hits you!
You die...

#..........#
#..........#
#..........#
##..........
###########..........#
##.....#..............#
##.....................#
#.....5...<.............
#....5K@...............#
#....$55..............##
#..............[.....##
#...................##
##..................#
##.....#...........#
#######.###........#
...............
...#.......##


You could see Pikel (very poisoned) and 4 lemures.

Vanquished Creatures
  An orc priest (D:3)
  2 orc wizards (D:3)
  Jessica (D:3)
  An iguana (D:4)
  8 gnolls
  A howler monkey skeleton (D:3)
  4 adders (D:3)
  2 oozes
  3 worms
  A dart slug (D:1)
  6 leopard geckos
  9 orcs (D:3)
  3 giant cockroaches
  6 goblins
  5 hobgoblins
  3 jackals (D:1)
  A quokka (D:2)
  12 bats
  4 frilled lizards
  7 kobolds
  9 rats
  A spectral orc (D:3)
90 creatures vanquished.

Notes
Turn   | Place    | Note
-------+----------+-------------------------------------------
     0 | D:1      | noankles the Minotaur Berserker began the quest for the
                  | Orb.
     0 | D:1      | Reached XP level 1. HP: 19/19 MP: 0/0
   232 | D:1      | Reached skill level 4 in Maces & Flails
   232 | D:1      | Reached XP level 2. HP: 26/27 MP: 1/1
   876 | D:1      | Reached XP level 3. HP: 33/33 MP: 2/2
   913 | D:1      | Reached ** piety under Trog
  1197 | D:2      | Found a shadowy altar of Dithmenos.
  1370 | D:2      | Reached XP level 4. HP: 41/41 MP: 3/3
  1713 | D:3      | Noticed Jessica
  1735 | D:3      | Killed Jessica
  1736 | D:3      | Reached skill level 5 in Maces & Flails
  2021 | D:3      | Reached XP level 5. HP: 46/47 MP: 4/4
  2574 | D:3      | Found a shimmering blue altar of Sif Muna.
  2712 | D:3      | Reached *** piety under Trog
  3061 | D:3      | Found a basalt altar of Yredelemnul.
  3319 | D:3      | Reached XP level 6. HP: 55/55 MP: 5/5
  3832 | D:3      | Reached skill level 6 in Maces & Flails
  3973 | D:4      | Found a snail-covered altar of Cheibriados.
  3978 | D:4      | Found a bloodstained altar of Trog.
  4109 | D:4      | Noticed Pikel
  4115 | D:4      | Killed from afar by Pikel

Illustrated notes

Levels and vault maps discovered:
D:1:      dpeg_arrival_short_road, layout_loops_ring
D:2:      layout_rooms, grunt_dithmenos_smoke
D:3:      layout_loops_ring, yredelemnul_forgotten_temple_becter,
          gup_sewer_entry_pipe, chequers_jeans, tgw_sif, uniq_jessica
D:4:      layout_rooms, vehumet_crystals,
          chequers_temple_overflow_statue_of_worship, uniq_pikel

Skill      XL: |  1  2  3  4  5  6 |
---------------+-------------------+-----
Maces & Flails | 4 5 6 |  6.1
Fighting       | 4 |  4.9
Armour         | 3 4 |  4.6
Dodging        | 3 |  3.5
Stealth        | |  0.4
Unarmed Combat | |  0.4

Action                   |  1- 3 |  4- 6 || total
-------------------------+-------+-------++-------
Melee: Mace              |    38 |       ||    38
       Headbutt          |     9 |    20 ||    29
       Unarmed           |     8 |     3 ||    11
       Whip              |       |   102 ||   102
Invok: Berserk           |     1 |     4 ||     5
  Use: Scroll            |       |     3 ||     3
Armor: Animal skin       |    13 |       ||    13
       Ring mail         |    20 |    54 ||    74
Dodge: Dodged            |    57 |    99 ||   156

Table legend: (Time is in decaauts)
 A = Elapsed time spent in this place.
 B = Non-inter-level travel time spent in this place.
 C = Inter-level travel time spent in this place.
 D = Time resting spent in this place.
 E = Time spent auto-exploring this place.
 F = Levels seen in this place.
 G = Mean time per level.
                   A        B        C        D        E       F      G
               +--------+--------+--------+--------+--------+-----+--------+
         Total |   4176 |   4171 |      5 |   1360 |    963 |   4 | 1044.0 |
       Dungeon |   4176 |   4171 |      5 |   1360 |    963 |   4 | 1044.0 |
               +--------+--------+--------+--------+--------+-----+--------+

Top non-repeatable levels by time:
     D:3: 2213 daAuts
     D:1: 1019 daAuts
     D:2: 774 daAuts
     D:4: 170 daAuts
